AoeStats
← Vanilla

Arabia

510538223Analyzed
1v1 RM · 12h ago on Oct 1, 2026· 20m 27s· 2 players
Game mode
Random Map
Map size
Tiny (2 player)
Population
200
Speed
Normal
Resources
Standard
Victory
Conquest
Starting age
Dark Age
Ending age
Imperial Age
RankedLock teamsTeams togetherTeam positionsShared explorationLock speedFull tech treeHidden civsTurbo modeCheats
Victory
Defeat
🇫🇷 Vietnamese · France
1063
+17
🇨🇳 Wei · China
1095
-17
Vanilla
9:58 Feudal Age
14:01 Castle Age
12:58 Double-Bit Axe
14:27 Loom
19:48 Fletching
bubullblub
10:31 Feudal Age
8:47 Loom
11:40 Double-Bit Axe
13:29 Fletching
17:07 Padded Archer Armor
Connection lost

Rejoining the realm…

Still unreachable

The connection could not be restored.

Session expired

The server has moved on; the page needs a fresh start.